 Dungeon Crawl Stone Soup version 0.26-a0-667-g92642533e4 (webtiles) character file.

Game seed: 8234970564042329779

139 robertstho the Skirmisher (level 5, 0/42 HPs)
             Began as a Demonspawn Abyssal Knight on Oct 16, 2020.
             Was a Follower of Lugonu.
             Slain by an ogre
             ... wielding a +0 giant club
              (14 damage)
             ... on level 3 of the Dungeon.
             The game lasted 00:03:08 (2773 turns).

robertstho the Skirmisher (DsAK)                    Turns: 2773, Time: 00:03:09

Health: 0/42       AC:  7    Str: 13    XL:     5   Next: 1%
Magic:  7/7        EV:  7    Int: 13    God:    Lugonu [*.....]
Gold:   138        SH:  7    Dex: 13    Spells: 4/4 levels left

rFire    . . .     SeeInvis +   o - +0 long sword
rCold    . . .     Faith    .   q - +0 kite shield
rNeg     . . .     Spirit   .   s - +0 ring mail
rPois    .         Reflect  .   (no helmet)
rElec    .         Harm     .   (no cloak)
rCorr    .         Rampage  .   (no gloves)
MR       .....                  (no boots)
Stlth    +.........             (no amulet)
HPRegen  0.14/turn              l - ring of see invisible
MPRegen  0.10/turn              (no ring)

@: no status effects
A: icy blue scales 1, spiny 1
a: Depart the Abyss, Renounce Religion


You were on level 3 of the Dungeon.
You worshipped Lugonu.
Lugonu was aware of your devotion.
You visited 1 branch of the dungeon, and saw 3 of its levels.
You visited the Abyss 1 time.

You collected 138 gold pieces.

Inventory:

Hand Weapons
 a - a +1 falchion
 o - a +0 long sword (weapon)
Missiles
 p - 14 poisoned darts (quivered)
Armour
 q - a +0 kite shield (worn)
 s - a +0 ring mail (worn)
Jewellery
 l - a ring of see invisible (left hand)
Wands
 c - a wand of paralysis (8)
Scrolls
 b - a scroll of enchant armour {unknown}
 d - a scroll of blinking {unknown}
 e - a scroll of immolation {unknown}
 h - 2 scrolls of amnesia {unknown}
 i - 3 scrolls of remove curse {unknown}
 j - 3 scrolls of fog {unknown}
 m - a scroll of identify {unknown}
Potions
 f - a potion of lignification
 k - a potion of brilliance {unknown}
 n - a potion of haste {unknown}
 r - a potion of degeneration {unknown}


   Skills:
 * Level 3.8 Fighting
 + Level 2.6 Long Blades
 * Level 3.0 Armour
 + Level 1.3 Dodging
 + Level 0.1 Stealth
 + Level 0.1 Shields
 * Level 3.5 Invocations


You had 4 spell levels left.
You didn't know any spells.
Your spell library was empty.

Dungeon Overview and Level Annotations

Branches:
Dungeon (3/15)

Altars:
Makhleb
Beogh

Annotations:
D:3 3 runed translucent doors, Zenkrye's ghost, amateur FoAK


Innate Abilities, Weirdness & Mutations

You are partially covered in icy blue scales. (AC +2)
You are partially covered in sharp spines.


Message History

Lugonu accepts your kill. You block the ooze's attack.
The ooze barely misses you.
You completely miss the ooze.
The ooze is moderately wounded.
You block the ooze's attack. The ogre hits you with a +0 giant club!
You hit the ooze.
The ooze is heavily wounded.
The ooze hits you. The ogre is struck by your spines.
The ogre hits you with a +0 giant club! The ooze is struck by your spines.
The ooze hits you but does no damage.
You are too injured to fight recklessly!
You are too injured to fight recklessly!
You are too injured to fight recklessly!
You are too injured to fight recklessly!
Evoke which item? (* to show all) (? for menu, Esc to quit)
Aiming: Paralyse
Press: ? - help, Shift-Dir - straight line, f - ogre
Aim: an ogre, wielding a +0 giant club (lightly wounded, chance to defeat MR: 46%)
The ogre resists with some effort.
The ogre hits you with a +0 giant club!
You die...

#.. ..)o#o ...
[.oo#o #..
_.8o#W .######.#
# [..o#.
....?...##.##.#
....#.
..............#
..##.o #J# .#
..8#.. #O##.#
..##.. #@##.#
8..... #.##.#
###### #.##.##
#.#...##
#......#
########......#
#.............#
####......##
###.####(.#.####


You could see an ogre and an ooze.

Vanquished Creatures
  A hound (D:2)
  A worker ant (D:3)
  2 adders
  An ooze (D:2)
  2 dart slugs (D:1)
  3 leopard geckos
  5 bats
  5 giant cockroaches
  7 goblins
  5 hobgoblins
  18 kobolds
  A ball python (D:1)
  2 frilled lizards
  4 rats
57 creatures vanquished.

Notes
Turn   | Place    | Note
-------+----------+-------------------------------------------
     0 | Abyss:1  | robertstho the Demonspawn Abyssal Knight began the quest
                  | for the Orb.
     0 | Abyss:1  | Reached XP level 1. HP: 18/18 MP: 2/2
    38 | Abyss:1  | Found a corrupted altar of Lugonu.
    72 | Abyss:1  | Noticed a large abomination
    73 | D:1      | Escaped the Abyss
   513 | D:1      | Reached skill level 1 in Dodging
   514 | D:1      | Gained mutation: You are partially covered in sharp spines.
                  | [demonic ancestry]
   514 | D:1      | Reached XP level 2. HP: 21/24 MP: 3/3
   596 | D:1      | Reached * piety under Lugonu
   777 | D:1      | Reached XP level 3. HP: 27/29 MP: 5/5
  1623 | D:2      | Found a burning altar of Makhleb.
  1625 | D:2      | Reached XP level 4. HP: 37/37 MP: 6/6
  2488 | D:3      | Found a runed translucent gate.
  2490 | D:3      | Found a runed translucent gate.
  2490 | D:3      | Found a runed translucent gate.
  2490 | D:3      | Noticed Zenkrye's ghost (amateur FoAK)
  2490 | D:3      | Identified the cursed +2 dagger of Exquisite Death {flame,
                  | rPois rF++ MR- SInv}
  2490 | D:3      | Identified the cursed +0 ring mail of Fabulous Life {rPois
                  | Stlth+}
  2495 | D:3      | Found a roughly hewn altar of Beogh.
  2733 | D:3      | Gained mutation: You are partially covered in icy blue
                  | scales. (AC +2) [demonic ancestry]
  2733 | D:3      | Reached XP level 5. HP: 42/42 MP: 7/7
  2765 | D:3      | Noticed an ogre
  2773 | D:3      | Slain by an ogre

Illustrated notes

Levels and vault maps discovered:
D:1:      minmay_arrival_nine_rooms, layout_basic
D:2:      layout_loops_ring, makhleb_blood_cavern_becter
D:3:      layout_loops_ring, biasface_ghost_orc_armoury,
          kennysheep_cluttered_room, chequers_decorated_corner, st_stairs_11,
          tgw_trog

Skill      XL: |  1  2  3  4 |
---------------+-------------+-----
Dodging        | 1 |  1.3
Armour         | 2 3 |  3.0
Long Blades    | 2 |  2.6
Invocations    | 3 |  3.5
Fighting       | |  3.8
Stealth        | |  0.1
Shields        | |  0.1

Action                   |  1- 3 |  4- 6 || total
-------------------------+-------+-------++-------
Melee: Falchion          |    73 |       ||    73
       Long sword        |    19 |    45 ||    64
Invok: Depart the Abyss  |     1 |       ||     1
Evoke: Wand              |       |     1 ||     1
  Use: Potion            |       |     3 ||     3
Armor: Leather armour    |    22 |     5 ||    27
       Skin              |       |    11 ||    11
       Ring mail         |       |    12 ||    12
Dodge: Dodged            |    66 |     5 ||    71
Block: Kite shield       |       |    18 ||    18
       Rpst.: Falchion   |    15 |       ||    15
       Long sword        |     7 |     2 ||     9

Table legend: (Time is in decaauts)
 A = Elapsed time spent in this place.
 B = Non-inter-level travel time spent in this place.
 C = Inter-level travel time spent in this place.
 D = Time resting spent in this place.
 E = Time spent auto-exploring this place.
 F = Levels seen in this place.
 G = Mean time per level.
                   A        B        C        D        E       F      G
               +--------+--------+--------+--------+--------+-----+--------+
         Total |   2809 |   2696 |    113 |    232 |   2048 |   4 |  702.2 |
       Dungeon |   2736 |   2623 |    113 |    232 |   1987 |   3 |  912.0 |
         Abyss |     73 |     73 |      0 |      0 |     61 |   1 |   73.0 |
               +--------+--------+--------+--------+--------+-----+--------+

Top non-repeatable levels by time:
     D:1: 1093 daAuts
     D:2: 922 daAuts
     D:3: 719 daAuts
 Abyss:1: 73 daAuts
